3L
TOLEDO STINGERS @ CLEVELAND BROWNS
07/27/2039
 
TOP OF THE 1ST
Toledo Stingers batting - Pitching for Cleveland Browns : RHP Jessie Young
Pitching: RHP Jessie Young
Batting: RHB Jesús Morán 0-0: Ground out 4-3 (Groundball, 4M, EV 78.1 MPH)
Batting: RHB Alfredo Martínez 0-0: Foul Ball, location: 2F
0-1: Ball
1-1: Foul Ball, location: 2F
1-2: Ball
2-2: Ball
3-2: Strikes out looking
Batting: LHB Pedro Serano 0-0: Called Strike
0-1: Swinging Strike
0-2: Ball
1-2: Ball
2-2: Ball
3-2: Foul Ball, location: 2F
3-2: Strikes out swinging
Top of the 1st over - 0 runs, 0 hits, 0 errors, 0 left on base; Toledo 0 - Cleveland 0
BOTTOM OF THE 1ST
Cleveland Browns batting - Pitching for Toledo Stingers : LHP Jeremy Parker
Pitching: LHP Jeremy Parker
Batting: LHB León Castillo 0-0: Ball
1-0: SINGLE (Groundball, 56D, EV 104.4 MPH)
Batting: RHB Katsuhiko Ishihara 0-0: SINGLE (Line Drive, 9S, EV 99.4 MPH)
León Castillo to second
Batting: RHB Richard Trevithick 0-0: Fielders Choice at 2nd, 5-4 (Groundball, 56S, EV 85.0 MPH)
León Castillo to third
Batting: RHB Tom Camden 0-0: Called Strike
0-1: Swinging Strike
0-2: Ball
1-2: Grounds into double play, 5-4-3 (Groundball, 56, EV 82.5 MPH)
Bottom of the 1st over - 0 runs, 2 hits, 0 errors, 1 left on base; Toledo 0 - Cleveland 0
TOP OF THE 2ND
Toledo Stingers batting - Pitching for Cleveland Browns : RHP Jessie Young
Batting: SHB Ricky Sellers 0-0: Ball
1-0: Called Strike
1-1: Foul Ball, location: 2F
1-2: Foul Ball, location: 2F
1-2: Foul Ball, location: 2F
1-2: Ball
2-2: Strikes out swinging
Batting: LHB Dan Hines 0-0: Ball
1-0: Ball
2-0: Called Strike
2-1: Fly out, F9 (Flyball, 89D, EV 85.6 MPH)
Batting: RHB Sze Qi 0-0: Ground out 6-3 (Groundball, 6, EV 87.5 MPH)
Top of the 2nd over - 0 runs, 0 hits, 0 errors, 0 left on base; Toledo 0 - Cleveland 0
BOTTOM OF THE 2ND
Cleveland Browns batting - Pitching for Toledo Stingers : LHP Jeremy Parker
Batting: LHB Lauren Hilfiker 0-0: Ball
1-0: Fly out, F9 (Flyball, 9, EV 91.9 MPH)
Batting: RHB Jack Bonner 0-0: Ball
1-0: Ball
2-0: Ball
3-0: Base on Balls
Batting: LHB Sadatake Abe 0-0: Ball
1-0: Ball
2-0: Called Strike
2-1: Fly out, F9 (Flyball, 89S, EV 84.4 MPH)
Batting: LHB Danny Rodríguez 0-0: Swinging Strike
0-1: Fly out, F8 (Flyball, 8LM, EV 83.1 MPH)
Bottom of the 2nd over - 0 runs, 0 hits, 0 errors, 1 left on base; Toledo 0 - Cleveland 0
TOP OF THE 3RD
Toledo Stingers batting - Pitching for Cleveland Browns : RHP Jessie Young
Batting: LHB Snow Wang 0-0: Ball
1-0: Called Strike
1-1: Ball
2-1: Foul Ball, location: 2F
2-2: Foul Ball, location: 2F
2-2: Foul Ball, location: 2F
2-2: Foul Ball, location: 2F
2-2: Ball
3-2: Base on Balls
Batting: RHB Jorge Alvarado 0-0: Called Strike
0-1: Ball
1-1: Foul Ball, location: 2F
1-2: Strikes out swinging
Batting: SHB Theron Montecalvo 0-0: Called Strike
0-1: SINGLE (Groundball, 34S, EV 83.1 MPH) (infield hit)
Snow Wang to second
Batting: RHB Jesús Morán 0-0: Swinging Strike
0-1: Ball
1-1: Called Strike
1-2: Strikes out looking
Batting: RHB Alfredo Martínez 0-0: Ball
1-0: Ball
2-0: Called Strike
2-1: Foul Ball, location: 2F
2-2: 3-RUN HOME RUN (Line Drive, 7D, EV 108.1 MPH), Distance : 401 ft
Batting: LHB Pedro Serano 0-0: Ball
1-0: Ball
2-0: Ball
3-0: Ground out U3 (Groundball, 3L, EV 91.2 MPH)
Top of the 3rd over - 3 runs, 2 hits, 0 errors, 0 left on base; Toledo 3 - Cleveland 0
BOTTOM OF THE 3RD
Cleveland Browns batting - Pitching for Toledo Stingers : LHP Jeremy Parker
Batting: LHB Luis Aranda 0-0: Ground out 6-3 (Groundball, 6D, EV 85.0 MPH)
Batting: LHB León Castillo 0-0: Fly out, F8 (Flyball, 89S, EV 98.1 MPH)
Batting: RHB Katsuhiko Ishihara 0-0: Ball
1-0: Swinging Strike
1-1: Foul Ball, location: 2F
1-2: Ball
2-2: Ball
3-2: Ground out 5-3 (Groundball, 56, EV 98.8 MPH)
Bottom of the 3rd over - 0 runs, 0 hits, 0 errors, 0 left on base; Toledo 3 - Cleveland 0
TOP OF THE 4TH
Toledo Stingers batting - Pitching for Cleveland Browns : RHP Jessie Young
Batting: SHB Ricky Sellers 0-0: Ball
1-0: Ground out U3 (Groundball, 3, EV 110.0 MPH)
Batting: LHB Dan Hines 0-0: Ball
1-0: Ground out 4-3 (Groundball, 4, EV 82.5 MPH)
Batting: RHB Sze Qi 0-0: Foul Ball, location: 2F
0-1: Called Strike
0-2: Strikes out swinging
Top of the 4th over - 0 runs, 0 hits, 0 errors, 0 left on base; Toledo 3 - Cleveland 0
BOTTOM OF THE 4TH
Cleveland Browns batting - Pitching for Toledo Stingers : LHP Jeremy Parker
Batting: RHB Richard Trevithick 0-0: Ball
1-0: SINGLE (Line Drive, 78S, EV 106.2 MPH)
Batting: RHB Tom Camden 0-0: Ball
1-0: Grounds into double play, 6-4-3 (Groundball, 6, EV 100.6 MPH)
Batting: LHB Lauren Hilfiker 0-0: Reached on error, E7 (Flyball, 7D, EV 86.2 MPH)
Batting: RHB Jack Bonner 0-0: Ground out 6-3 (Groundball, 6, EV 86.9 MPH)
Bottom of the 4th over - 0 runs, 1 hit, 1 error, 1 left on base; Toledo 3 - Cleveland 0
TOP OF THE 5TH
Toledo Stingers batting - Pitching for Cleveland Browns : RHP Jessie Young
Batting: LHB Snow Wang 0-0: Ball
1-0: Ball
2-0: Called Strike
2-1: Foul Ball, location: 2F
2-2: Ball
3-2: Base on Balls
Batting: RHB Jorge Alvarado 0-0: Bunt - Flyout to 13 - DP at third! 1-3
Batting: SHB Theron Montecalvo 0-0: Swinging Strike
0-1: Foul Ball, location: 2F
0-2: Ball
1-2: Ground out 4-3 (Groundball, 4, EV 82.5 MPH)
Top of the 5th over - 0 runs, 0 hits, 0 errors, 0 left on base; Toledo 3 - Cleveland 0
BOTTOM OF THE 5TH
Cleveland Browns batting - Pitching for Toledo Stingers : LHP Jeremy Parker
Batting: LHB Sadatake Abe 0-0: Fly out, F9 (Line Drive, 9D, EV 90.0 MPH)
Batting: LHB Danny Rodríguez 0-0: Called Strike
0-1: Ball
1-1: Fly out, F4 (Popup, 23, EV 85.0 MPH)
Batting: LHB Luis Aranda 0-0: SINGLE (Groundball, 4M, EV 99.4 MPH) (infield hit)
Batting: LHB León Castillo 0-0: Foul Ball, location: 2F
0-1: Ball
1-1: Swinging Strike
1-2: SINGLE (Groundball, 4MD, EV 101.2 MPH)
Luis Aranda to second
Batting: RHB Katsuhiko Ishihara 0-0: Called Strike
0-1: Ball
1-1: Ground out U3 (Groundball, 34, EV 108.1 MPH)
Bottom of the 5th over - 0 runs, 2 hits, 0 errors, 2 left on base; Toledo 3 - Cleveland 0
TOP OF THE 6TH
Toledo Stingers batting - Pitching for Cleveland Browns : RHP Jessie Young
Batting: RHB Jesús Morán 0-0: Ball
1-0: Ball
2-0: Ball
3-0: Base on Balls
Batting: RHB Alfredo Martínez 0-0: Ball
1-0: Bunted foul
1-1: Sac Bunt to 13S - play at first, batter OUT! 1-4
Jesús Morán to second
Batting: LHB Pedro Serano 0-0: Foul Ball, location: 2F
0-1: Ground out 6-3 (Groundball, 6, EV 82.5 MPH)
Batting: SHB Ricky Sellers 0-0: Foul Ball, location: 2F
0-1: Ball
1-1: Ball
2-1: Swinging Strike
2-2: Foul Ball, location: 2F
2-2: Ball
3-2: Ground out U3 (Groundball, 3, EV 106.2 MPH)
Top of the 6th over - 0 runs, 0 hits, 0 errors, 1 left on base; Toledo 3 - Cleveland 0
BOTTOM OF THE 6TH
Cleveland Browns batting - Pitching for Toledo Stingers : LHP Jeremy Parker
Batting: RHB Richard Trevithick 0-0: Ground out 5-3 (Groundball, 56S, EV 94.4 MPH)
Batting: RHB Tom Camden 0-0: Ball
1-0: Ball
2-0: Foul Ball, location: 2F
2-1: Foul Ball, location: 2F
2-2: Ground out 6-3 (Groundball, 6, EV 80.0 MPH)
Batting: LHB Lauren Hilfiker 0-0: Called Strike
0-1: Foul Ball, location: 2F
0-2: Ball
1-2: Foul Ball, location: 2F
1-2: Ball
2-2: Foul Ball, location: 2F
2-2: SOLO HOME RUN (Flyball, 89XD, EV 95.6 MPH), Distance : 392 ft
Batting: RHB Jack Bonner 0-0: Ball
1-0: Ball
2-0: Fly out, F7 (Flyball, 7LSF, EV 83.1 MPH)
Bottom of the 6th over - 1 run, 1 hit, 0 errors, 0 left on base; Toledo 3 - Cleveland 1
TOP OF THE 7TH
Toledo Stingers batting - Pitching for Cleveland Browns : RHP Jessie Young
Batting: LHB Dan Hines 0-0: Called Strike
0-1: Foul Ball, location: 2F
0-2: Ball
1-2: Foul Ball, location: 2F
1-2: Ball
2-2: Strikes out swinging
Batting: RHB Sze Qi 0-0: Ball
1-0: Ball
2-0: Foul Ball, location: 2F
2-1: Foul Ball, location: 2F
2-2: Foul Ball, location: 2F
2-2: Foul Ball, location: 2F
2-2: DOUBLE (Line Drive, 89M, EV 107.5 MPH)
Pitching: RHP Mark Erwin
Batting: LHB Snow Wang 0-0: Called Strike
0-1: Swinging Strike
0-2: Strikes out swinging
Batting: RHB Jorge Alvarado 0-0: Ball
1-0: Called Strike
1-1: Ball
Wild Pitch!
Sze Qi to third
2-1: Foul Ball, location: 2F
2-2: Foul Ball, location: 2F
2-2: Strikes out swinging
Top of the 7th over - 0 runs, 1 hit, 0 errors, 1 left on base; Toledo 3 - Cleveland 1
BOTTOM OF THE 7TH
Cleveland Browns batting - Pitching for Toledo Stingers : LHP Jeremy Parker
Batting: LHB Sadatake Abe 0-0: Ball
1-0: Ball
2-0: Foul Ball, location: 2F
2-1: SINGLE (Groundball, 6D, EV 95.6 MPH)
Batting: LHB Danny Rodríguez 0-0: Called Strike
0-1: Fly out, F6 (Popup, 6M, EV 65.6 MPH)
Batting: LHB Luis Aranda 0-0: Called Strike
0-1: Grounds into double play, 5-4-3 (Groundball, 56S, EV 84.4 MPH)
Bottom of the 7th over - 0 runs, 1 hit, 0 errors, 0 left on base; Toledo 3 - Cleveland 1
TOP OF THE 8TH
Toledo Stingers batting - Pitching for Cleveland Browns : RHP Mark Erwin
Batting: SHB Theron Montecalvo 0-0: Fly out, F4 (Line Drive, 4, EV 73.8 MPH)
Batting: RHB Jesús Morán 0-0: Called Strike
0-1: Ball
1-1: Called Strike
1-2: Ball
2-2: Strikes out swinging
Batting: RHB Alfredo Martínez 0-0: Ball
1-0: Ball
2-0: Ball
3-0: Base on Balls
Batting: LHB Pedro Serano 0-0: Called Strike
0-1: Called Strike
0-2: Ball
Alfredo Martínez steals 2nd base
1-2: Ball
2-2: Ball
3-2: Foul Ball, location: 2F
3-2: Foul Ball, location: 2F
3-2: Foul Ball, location: 2F
3-2: Base on Balls
Batting: SHB Ricky Sellers 0-0: Swinging Strike
0-1: Ball
1-1: Ball
2-1: Ball
3-1: Base on Balls
Alfredo Martínez to third
Pedro Serano to second
Batting: LHB Dan Hines 0-0: Foul Ball, location: 2F
0-1: Ball
1-1: Ball
2-1: SINGLE (Groundball, 4MD, EV 110.0 MPH)
Alfredo Martínez scores
Pedro Serano to third
Ricky Sellers to second
Runner from 3rd tries for Home, SAFE, no throw by CF
Batting: RHB Sze Qi 0-0: Called Strike
0-1: Ball
1-1: Ball
2-1: Foul Ball, location: 2F
2-2: Ground out 1-3 (Groundball, 15S, EV 73.8 MPH)
Top of the 8th over - 2 runs, 1 hit, 0 errors, 2 left on base; Toledo 5 - Cleveland 1
BOTTOM OF THE 8TH
Cleveland Browns batting - Pitching for Toledo Stingers : LHP Jeremy Parker
Batting: LHB León Castillo 0-0: SINGLE (Groundball, 34D, EV 103.1 MPH)
Batting: RHB Katsuhiko Ishihara 0-0: Called Strike
0-1: Ball
1-1: Swinging Strike
1-2: Strikes out swinging
Batting: RHB Richard Trevithick 0-0: Ball
1-0: Swinging Strike
1-1: Ball
2-1: Ball
3-1: Grounds into double play, 5-4-3 (Groundball, 56, EV 96.2 MPH)
Bottom of the 8th over - 0 runs, 1 hit, 0 errors, 0 left on base; Toledo 5 - Cleveland 1
TOP OF THE 9TH
Toledo Stingers batting - Pitching for Cleveland Browns : RHP Mark Erwin
Pitching: LHP Nick Altrock
Batting: LHB Snow Wang 0-0: SINGLE (Groundball, 34D, EV 106.9 MPH)
Batting: RHB Jorge Alvarado 0-0: Ball
1-0: Called Strike
1-1: Grounds into double play, 4-6-3 (Groundball, 4M, EV 83.8 MPH)
Batting: SHB Theron Montecalvo 0-0: Foul Ball, location: 2F
0-1: Ball
1-1: Swinging Strike
1-2: Ball
2-2: Fly out, F4 (Popup, 13, EV 80.0 MPH)
Top of the 9th over - 0 runs, 1 hit, 0 errors, 0 left on base; Toledo 5 - Cleveland 1
BOTTOM OF THE 9TH
Cleveland Browns batting - Pitching for Toledo Stingers : LHP Jeremy Parker
Batting: RHB Tom Camden 0-0: Ball
1-0: Swinging Strike
1-1: Fly out, F7 (Line Drive, 7, EV 95.0 MPH)
Batting: LHB Lauren Hilfiker 0-0: SINGLE (Groundball, 4, EV 91.9 MPH) (infield hit)
Batting: RHB Jack Bonner 0-0: Ball
1-0: Ball
2-0: Called Strike
2-1: Called Strike
2-2: Grounds into double play, 6-4-3 (Groundball, 56, EV 103.8 MPH)
Bottom of the 9th over - 0 runs, 1 hit, 0 errors, 0 left on base; Toledo 5 - Cleveland 1
Wednesday, July 8th, 2020 - OOTP Baseball 20.8 Build 74